[Event "FAI-ch Open 2021"]
[Site "Klaksvik"]
[Date "2021.03.27"]
[Round "1.1"]
[White "Danielsen, Andrias"]
[Black "Morkore, Rogvi"]
[Result "1/2-1/2"]
[ECO "E58"]
[WhiteElo "1911"]
[BlackElo "1685"]
[Annotator "NA"]
[PlyCount "61"]
[EventDate "2021.03.27"]
[EventType "swiss"]
[EventCountry "FAI"]
[SourceTitle "playchess.com"]
[Source "ChessBase"]
[SourceQuality "1"]
[TimeControl "40/5400+30:900+30"]

1. d4 Nf6 2. c4 e6 3. Nf3 d5 4. Nc3 Bb4 5. e3 c5 6. a3 Bxc3+ 7. bxc3 Nc6 8. Bd3 O-O 9. O-O b6 10. cxd5 exd5 11. dxc5 bxc5 12. h3 Qd6 13. c4 Rd8 14. Bb2 d4 15. exd4 Nxd4 16. Bxd4 cxd4 17. Qc2 Bb7 18. Nd2 Bc6 19. Rfc1 Rab8 20. c5 Qd5 21. f3 Bb5 22. Bxb5 Rxb5 23. Qc4 Qxc4 24. Rxc4 Rc8 25. Rac1 d3 26. Rd4 Kf8 27. c6 Rb6 28. c7 Ke7 29. Kf2 Ne8 30. Rxd3 Rxc7 31. Rdc3 1/2-1/2

[Event "FAI-ch Open 2021"]
[Site "Klaksvik"]
[Date "2021.03.27"]
[Round "1.2"]
[White "Olsen, Kaj"]
[Black "Gregersen, Hedin"]
[Result "1-0"]
[ECO "B72"]
[WhiteElo "1677"]
[BlackElo "1842"]
[Annotator "NA"]
[PlyCount "131"]
[EventDate "2021.03.27"]
[EventType "swiss"]
[EventCountry "FAI"]
[SourceTitle "playchess.com"]
[Source "ChessBase"]
[SourceQuality "1"]
[TimeControl "40/5400+30:900+30"]

1. e4 c5 2. Nf3 d6 3. d4 cxd4 4. Nxd4 Nf6 5. Nc3 g6 6. Be3 Bg7 7. Be2 O-O 8. Qd2 Nc6 9. Nxc6 bxc6 10. O-O Qc7 11. Rad1 Rd8 12. e5 Ng4 13. exd6 Rxd6 14. Bf4 Rxd2 15. Bxc7 Bxc3 16. Rxd2 Bxd2 17. Rd1 Ne3 18. Rxd2 Nd5 19. Be5 f6 20. Bd4 e5 21. Bc5 Be6 22. Bf3 a5 23. a4 Rb8 24. b3 Kf7 25. g3 f5 26. Bd6 Re8 27. Bxe5 Nb4 28. Bc7 Ra8 29. Bd6 Bd5 30. Bxd5+ Nxd5 31. Bc5 Nf6 32. Rd6 Rc8 33. Bb6 Ke7 34. Rd3 Ra8 35. Kg2 Nd5 36. Bc5+ Kf7 37. c4 Nf6 38. f3 Rb8 39. Kf2 Rb7 40. Be3 Nd7 41. Ke2 Ne5 42. Rc3 Ke6 43. Bd4 Nd7 44. Kd2 c5 45. Re3+ Kf7 46. Bb2 Nb8 47. Kc2 Nc6 48. Bc3 Rb8 49. Rd3 Rc8 50. Rd5 Ne7 51. Re5 Nc6 52. Rxc5 Ke6 53. Rd5 Ra8 54. Rb5 Kd6 55. Rb7 h5 56. Rg7 Ne7 57. Bf6 Nc6 58. Rxg6 Re8 59. Bc3+ Kc5 60. h4 Re3 61. f4 Rf3 62. Rg5 Rf2+ 63. Kd1 Rg2 64. Rxf5+ Kb6 65. Rg5 Ka6 66. f5 1-0

[Event "FAI-ch Open 2021"]
[Site "Klaksvik"]
[Date "2021.03.27"]
[Round "1.3"]
[White "Skaale, Janus"]
[Black "Joensen, Henrik W."]
[Result "1-0"]
[ECO "B32"]
[WhiteElo "1809"]
[BlackElo "1535"]
[Annotator "NA"]
[PlyCount "75"]
[EventDate "2021.03.27"]
[EventType "swiss"]
[EventCountry "FAI"]
[SourceTitle "playchess.com"]
[Source "ChessBase"]
[SourceQuality "1"]
[TimeControl "40/5400+30:900+30"]

1. e4 c5 2. Nf3 Nc6 3. d4 cxd4 4. Nxd4 e5 5. Nb5 d6 6. N1c3 a6 7. Na3 b5 8. Nd5 Nf6 9. Bg5 Be7 10. Bxf6 Bxf6 11. c3 O-O 12. Be2 Bg5 13. Nc2 Be6 14. O-O Ne7 15. Ncb4 Bxd5 16. Nxd5 Nxd5 17. Qxd5 Qb6 18. Rad1 Rfd8 19. Qb3 Rac8 20. Rd5 Rc5 21. Rfd1 Be7 22. a4 Rb8 23. axb5 axb5 24. Rxc5 Qxc5 25. Rd5 Qa7 26. Rxb5 Qa1+ 27. Bf1 Rxb5 28. Qxb5 Qe1 29. Qb7 Bf8 30. Qc6 g6 31. b4 Qd2 32. b5 Bh6 33. b6 Bf4 34. b7 Bxh2+ 35. Kxh2 Qxf2 36. b8=Q+ Kg7 37. Qbb6 Qxf1 38. Qe3 1-0

[Event "FAI-ch Open 2021"]
[Site "Klaksvik"]
[Date "2021.03.27"]
[Round "1.4"]
[White "Petersen, Elias"]
[Black "Christiansen, Esbern"]
[Result "1/2-1/2"]
[ECO "A13"]
[WhiteElo "1403"]
[BlackElo "1775"]
[Annotator "NA"]
[PlyCount "129"]
[EventDate "2021.03.27"]
[EventType "swiss"]
[EventCountry "FAI"]
[SourceTitle "playchess.com"]
[Source "ChessBase"]
[SourceQuality "1"]
[TimeControl "40/5400+30:900+30"]

1. c4 e6 2. g3 Nf6 3. Bg2 d5 4. cxd5 exd5 5. d4 Bd6 6. Nc3 c6 7. e3 O-O 8. Nge2 Bf5 9. O-O Nbd7 10. Bd2 Re8 11. Rc1 Qb6 12. Na4 Qa6 13. a3 Nb6 14. Nxb6 Qxb6 15. b4 Bg4 16. Re1 Re7 17. h3 Bf5 18. Nc3 Rae8 19. Qb3 Ne4 20. Red1 Qd8 21. Nxe4 Bxe4 22. Bxe4 Rxe4 23. a4 Qd7 24. Kg2 R4e6 25. b5 Rh6 26. Rh1 Qf5 27. bxc6 Qe4+ 28. Kg1 bxc6 29. Rxc6 Qf3 30. Be1 Qf5 31. Kg2 Rf6 32. Qd1 Qe4+ 33. Kg1 h6 34. a5 Rb8 35. Qc2 Rb1 36. Rc8+ Kh7 37. Kh2 h5 38. f4 h4 39. gxh4 Rxf4 40. Qxe4+ Rxe4+ 41. Kg2 Rxe3 42. Bf2 Rb2 43. Rhc1 Rg3+ 44. Kf1 Rxh3 45. R8c2 Rxc2 46. Rxc2 Ra3 47. Be1 Ra1 48. Ke2 Ra4 49. Rc6 Bb4 50. Bxb4 Rxb4 51. Ke3 Rb3+ 52. Kf4 f6 53. Ra6 Rd3 54. Rxa7 Rxd4+ 55. Ke3 Rxh4 56. a6 Ra4 57. Ra8 f5 58. a7 f4+ 59. Kf3 g5 60. Kg4 Kg7 61. Rd8 Rxa7 62. Rxd5 f3 63. Rxg5+ Kh6 64. Rh5+ Kg6 65. Rg5+ 1/2-1/2

[Event "FAI-ch Open 2021"]
[Site "Klaksvik"]
[Date "2021.03.27"]
[Round "1.5"]
[White "Gregersen, Einar"]
[Black "Bertholdsen, Bjarki"]
[Result "1-0"]
[ECO "B78"]
[WhiteElo "1766"]
[BlackElo "1353"]
[Annotator "NA"]
[PlyCount "77"]
[EventDate "2021.03.27"]
[EventType "swiss"]
[EventCountry "FAI"]
[SourceTitle "playchess.com"]
[Source "ChessBase"]
[SourceQuality "1"]
[TimeControl "40/5400+30:900+30"]

1. e4 c5 2. Nf3 d6 3. d4 cxd4 4. Nxd4 Nf6 5. Nc3 g6 6. Be3 Bg7 7. f3 O-O 8. Qd2 Nc6 9. Bc4 Bd7 10. O-O-O Rc8 11. Bb3 Ne5 12. h4 Nc4 13. Bxc4 Rxc4 14. g4 a6 15. h5 b5 16. hxg6 fxg6 17. Bh6 Nxe4 18. Qh2 Nf6 19. Bxg7 Kxg7 20. Ne4 Rh8 21. Qh6+ Kg8 22. Qe3 Qc8 23. Nxf6+ exf6 24. Qe7 f5 25. Qxd6 Kf7 26. Rde1 Qd8 27. Qd5+ Kg7 28. Qe5+ Qf6 29. Qe7+ Qf7 30. Qd6 Re8 31. gxf5 Bxf5 32. Rxe8 Qxe8 33. Nxf5+ gxf5 34. Qh6+ Kf7 35. Qh5+ Kf8 36. Qh6+ Kf7 37. Qh5+ Kf8 38. Qxf5+ Kg7 39. Rg1+ 1-0

[Event "FAI-ch Open 2021"]
[Site "Klaksvik"]
[Date "2021.03.27"]
[Round "1.6"]
[White "Funningstovu, Brandur I"]
[Black "Mikkelsen, Jon"]
[Result "1-0"]
[ECO "A48"]
[WhiteElo "1311"]
[BlackElo "1755"]
[Annotator "NA"]
[PlyCount "59"]
[EventDate "2021.03.27"]
[EventType "swiss"]
[EventCountry "FAI"]
[SourceTitle "playchess.com"]
[Source "ChessBase"]
[SourceQuality "1"]
[TimeControl "40/5400+30:900+30"]

1. d4 Nf6 2. Nf3 g6 3. e3 Bg7 4. b3 O-O 5. Bb2 d5 6. c4 c6 7. c5 Ne4 8. b4 Bg4 9. Be2 a5 10. b5 cxb5 11. Bxb5 a4 12. O-O Qa5 13. Be2 Nc6 14. h3 Bd7 15. a3 Rfc8 16. Nbd2 Nxc5 17. Rc1 Ne6 18. Bc3 Qd8 19. Bb5 Ncxd4 20. Nxd4 Bxd4 21. Bxd7 Bxc3 22. Bxc8 Rxc8 23. Nf3 Qa5 24. Rc2 Qc5 25. Ra2 Qc4 26. Qc2 Nc5 27. Rd1 e5 28. Nd2 Qe2 29. Nb1 Qxc2 30. Rxc2 1-0

[Event "FAI-ch Open 2021"]
[Site "Klaksvik"]
[Date "2021.03.27"]
[Round "1.7"]
[White "Tummasarson, Flovin M."]
[Black "Tidemann-Andersen, Leif"]
[Result "1-0"]
[ECO "B50"]
[WhiteElo "1743"]
[BlackElo "1661"]
[Annotator "NA"]
[PlyCount "60"]
[EventDate "2021.03.27"]
[EventType "swiss"]
[EventCountry "FAI"]
[SourceTitle "playchess.com"]
[Source "ChessBase"]
[SourceQuality "1"]
[TimeControl "40/5400+30:900+30"]

1. e4 c5 2. Nf3 d6 3. Bd3 a6 4. c3 Bd7 5. O-O e6 6. Bc2 Nc6 7. d4 cxd4 8. cxd4 Be7 9. Nc3 Nf6 10. Re1 b5 11. a3 Ng4 12. h3 h5 13. hxg4 hxg4 14. Nh2 e5 15. dxe5 Nxe5 16. Bf4 Bc6 17. Bxe5 g3 18. Bxg3 Qc7 19. Nd5 Bxd5 20. Qxd5 Rd8 21. Rac1 Bf6 22. e5 dxe5 23. Bxe5 Bxe5 24. Qxe5+ Qxe5 25. Rxe5+ Kf8 26. Rce1 g6 27. Nf3 Kg7 28. Re7 Rh6 29. Bb3 Rf8 30. Ne5 Rh5 1-0

[Event "FAI-ch Open 2021"]
[Site "Klaksvik"]
[Date "2021.03.27"]
[Round "1.9"]
[White "Joensen, Jakup F."]
[Black "Rose, Kenneth T"]
[Result "1/2-1/2"]
[ECO "C01"]
[WhiteElo "1690"]
[BlackElo "1996"]
[Annotator "NA"]
[PlyCount "43"]
[EventDate "2021.03.27"]
[EventType "swiss"]
[EventCountry "FAI"]
[SourceTitle "playchess.com"]
[Source "ChessBase"]
[SourceQuality "1"]
[TimeControl "40/5400+30:900+30"]

1. e4 e6 2. d4 d5 3. exd5 exd5 4. Bd3 Bd6 5. Nf3 Ne7 6. O-O Bf5 7. Bg5 f6 8. Be3 O-O 9. c3 c6 10. Qc2 Bxd3 11. Qxd3 Qc7 12. Re1 Re8 13. Nbd2 Nd7 14. Re2 Ng6 15. Rae1 b5 16. Nf1 Nb6 17. b3 Re7 18. g3 Rae8 19. Bd2 Rxe2 20. Rxe2 Rxe2 21. Qxe2 Qe7 22. Qxe7 1/2-1/2

[Event "FAI-ch Open 2021"]
[Site "Klaksvik"]
[Date "2021.03.28"]
[Round "2.1"]
[White "Tummasarson, Flovin M."]
[Black "Skaale, Janus"]
[Result "0-1"]
[ECO "B50"]
[WhiteElo "1743"]
[BlackElo "1809"]
[Annotator "NA"]
[PlyCount "66"]
[EventDate "2021.03.27"]
[EventType "swiss"]
[EventCountry "FAI"]
[SourceTitle "playchess.com"]
[Source "ChessBase"]
[SourceQuality "1"]
[TimeControl "40/5400+30:900+30"]

1. e4 c5 2. Nf3 d6 3. c3 Nf6 4. Bd3 Bg4 5. Bc2 Nc6 6. d3 e6 7. O-O d5 8. Re1 Qc7 9. h3 Bh5 10. Bg5 dxe4 11. dxe4 Bd6 12. Qe2 h6 13. Bxf6 gxf6 14. Nbd2 O-O-O 15. Ba4 Ne5 16. Qe3 Nxf3+ 17. Nxf3 Bf4 18. Qe2 Rd2 19. Nxd2 Bxe2 20. Rxe2 Qd6 21. Nf1 Qa6 22. Bd1 Rd8 23. Rc2 Qd3 24. b4 c4 25. a4 Qxe4 26. Re2 Qd3 27. Rc2 Be5 28. Rac1 Bf4 29. Ra1 h5 30. a5 h4 31. Nh2 Qe4 32. Rca2 Qe1+ 33. Nf1 Rxd1 0-1

[Event "FAI-ch Open 2021"]
[Site "Klaksvik"]
[Date "2021.03.28"]
[Round "2.2"]
[White "Olsen, Kaj"]
[Black "Gregersen, Einar"]
[Result "0-1"]
[ECO "B90"]
[WhiteElo "1677"]
[BlackElo "1766"]
[Annotator "NA"]
[PlyCount "96"]
[EventDate "2021.03.27"]
[EventType "swiss"]
[EventCountry "FAI"]
[SourceTitle "playchess.com"]
[Source "ChessBase"]
[SourceQuality "1"]
[TimeControl "40/5400+30:900+30"]

1. e4 c5 2. Nf3 d6 3. d4 cxd4 4. Nxd4 Nf6 5. Nc3 a6 6. Be3 e6 7. f3 b5 8. Qd2 Bb7 9. g4 Qc7 10. O-O-O Nc6 11. h4 Be7 12. Be2 Ne5 13. g5 Nfd7 14. h5 Nb6 15. f4 Nec4 16. Qd3 Rc8 17. Bg4 Nxb2 18. Kxb2 Qxc3+ 19. Qxc3 Na4+ 20. Kc1 Nxc3 21. Rde1 Bxe4 22. Rh2 d5 23. Kb2 Na4+ 24. Kb1 Ba3 25. Rh3 Bc5 26. Rh2 Nb6 27. Ree2 Ke7 28. Rh3 Nc4 29. Bf2 Na3+ 30. Kb2 b4 31. f5 Bxd4+ 32. Bxd4 Nc4+ 33. Kc1 Rhg8 34. Bxg7 Kd6 35. f6 Ne5 36. g6 fxg6 37. h6 Rc7 38. Rg3 Rgc8 39. Bh3 Rxc2+ 40. Rxc2 Rxc2+ 41. Kd1 Nf7 42. a3 Rc3 43. Rxc3 bxc3 44. Bf1 a5 45. Bb5 g5 46. Be8 Bg6 47. Bxf7 Bxf7 48. Kc2 d4 0-1

[Event "FAI-ch Open 2021"]
[Site "Klaksvik"]
[Date "2021.03.28"]
[Round "2.4"]
[White "Rose, Kenneth T"]
[Black "Danielsen, Andrias"]
[Result "0-1"]
[ECO "B40"]
[WhiteElo "1996"]
[BlackElo "1911"]
[Annotator "NA"]
[PlyCount "76"]
[EventDate "2021.03.27"]
[EventType "swiss"]
[EventCountry "FAI"]
[SourceTitle "playchess.com"]
[Source "ChessBase"]
[SourceQuality "1"]
[TimeControl "40/5400+30:900+30"]

1. e4 c5 2. Nf3 e6 3. d4 cxd4 4. Nxd4 Nf6 5. Bd3 a6 6. Nc3 Qc7 7. h3 Bb4 8. Bd2 O-O 9. Qe2 d6 10. O-O-O Nc6 11. Nb3 Ne5 12. f4 Nxd3+ 13. Qxd3 Rd8 14. Ne2 Bxd2+ 15. Rxd2 d5 16. exd5 Rxd5 17. Qe3 Rxd2 18. Nxd2 b5 19. g3 Bb7 20. Rg1 Rc8 21. Qc3 Qd6 22. Qd4 Nd5 23. Nc3 Qc6 24. a3 Nxc3 25. bxc3 Qxc3 26. Qxc3 Rxc3 27. Kb2 Rc7 28. c3 Kf8 29. Nb3 Ke7 30. Rd1 Bd5 31. h4 Bxb3 32. Kxb3 a5 33. Rd4 f6 34. a4 bxa4+ 35. Rxa4 Rc5 36. Rc4 Rxc4 37. Kxc4 e5 38. fxe5 fxe5 0-1

[Event "FAI-ch Open 2021"]
[Site "Klaksvik"]
[Date "2021.03.28"]
[Round "2.5"]
[White "Hojgaard, Brandur"]
[Black "Petersen, Elias"]
[Result "1-0"]
[ECO "A80"]
[WhiteElo "1720"]
[BlackElo "1403"]
[Annotator "NA"]
[PlyCount "83"]
[EventDate "2021.03.27"]
[EventType "swiss"]
[EventCountry "FAI"]
[SourceTitle "playchess.com"]
[Source "ChessBase"]
[SourceQuality "1"]
[TimeControl "40/5400+30:900+30"]

1. d4 f5 2. Nf3 Nf6 3. c4 g6 4. Nc3 Bg7 5. Bg5 d6 6. e3 Nbd7 7. Bd3 O-O 8. O-O Qe8 9. Qe2 e5 10. Bc2 Nh5 11. Nd5 Rb8 12. Nxc7 Qf7 13. Bb3 Nc5 14. dxc5 Qxc7 15. cxd6 Qd7 16. Be7 Re8 17. c5+ Kh8 18. Qc2 Rxe7 19. dxe7 Qxe7 20. Rad1 Be6 21. Bxe6 Qxe6 22. a3 Rc8 23. b4 Qa6 24. Qb3 Rf8 25. Rd2 Bf6 26. Rfd1 Ng7 27. Rd6 Qb5 28. a4 Qe8 29. Rd7 e4 30. Ne1 Qc8 31. Qd5 Qc6 32. Qxc6 bxc6 33. Rxa7 Rb8 34. b5 cxb5 35. axb5 Ne8 36. b6 Kg8 37. Nc2 h5 38. Nd4 Kf8 39. Nc6 Rc8 40. b7 Rc7 41. b8=Q Rxc6 42. Ra8 1-0

[Event "FAI-ch Open 2021"]
[Site "Klaksvik"]
[Date "2021.03.28"]
[Round "2.6"]
[White "Morkore, Rogvi"]
[Black "Joensen, Jakup F."]
[Result "1/2-1/2"]
[ECO "B00"]
[WhiteElo "1685"]
[BlackElo "1690"]
[Annotator "NA"]
[PlyCount "64"]
[EventDate "2021.03.27"]
[EventType "swiss"]
[EventCountry "FAI"]
[SourceTitle "playchess.com"]
[Source "ChessBase"]
[SourceQuality "1"]
[TimeControl "40/5400+30:900+30"]

1. e4 Nc6 2. d4 e5 3. d5 Nce7 4. Nf3 Ng6 5. h4 h5 6. c4 Nf6 7. Bg5 Be7 8. Nc3 a6 9. Be2 d6 10. g3 Bg4 11. Nh2 Bxe2 12. Qxe2 Qd7 13. Nf1 Rb8 14. a4 Ng4 15. Bxe7 Nxe7 16. f3 Nf6 17. b4 c6 18. Ne3 cxd5 19. Nexd5 Nexd5 20. Nxd5 Nxd5 21. exd5 Rc8 22. Kf2 Qc7 23. c5 dxc5 24. Rac1 c4 25. Rhe1 O-O 26. Qxe5 Qb6+ 27. Kg2 Qxb4 28. Qxh5 Rfe8 29. Qg4 Qd2+ 30. Kh3 Qxd5 31. Rxe8+ Rxe8 32. Rxc4 b5 1/2-1/2

[Event "FAI-ch Open 2021"]
[Site "Klaksvik"]
[Date "2021.03.28"]
[Round "2.9"]
[White "Joensen, Henrik W."]
[Black "Tidemann-Andersen, Leif"]
[Result "1-0"]
[ECO "B50"]
[WhiteElo "1535"]
[BlackElo "1661"]
[Annotator "NA"]
[PlyCount "67"]
[EventDate "2021.03.27"]
[EventType "swiss"]
[EventCountry "FAI"]
[SourceTitle "playchess.com"]
[Source "ChessBase"]
[SourceQuality "1"]
[TimeControl "40/5400+30:900+30"]

1. e4 c5 2. Nf3 d6 3. c3 a6 4. d4 cxd4 5. cxd4 Bd7 6. Bc4 e6 7. a4 Be7 8. O-O Nc6 9. Nc3 Nf6 10. d5 Ne5 11. Nxe5 dxe5 12. dxe6 Bxe6 13. Bxe6 fxe6 14. Qb3 Qc8 15. Bg5 O-O 16. Rac1 Qe8 17. Qxe6+ Kh8 18. Qxe5 Rd8 19. Rfd1 h6 20. Bxf6 Rxd1+ 21. Rxd1 Rxf6 22. Qc7 Kh7 23. Nd5 Rd6 24. b3 Qh5 25. Re1 Re6 26. Nxe7 Rxe4 27. Qc2 Qa5 28. Qxe4+ Kh8 29. Rc1 Qd8 30. Rc8 Qxc8 31. Nxc8 b6 32. Nd6 b5 33. Nf5 bxa4 34. Qe7 1-0

[Event "FAI-ch Open 2021"]
[Site "Klaksvik"]
[Date "2021.03.29"]
[Round "3.1"]
[White "Skaale, Janus"]
[Black "Gregersen, Einar"]
[Result "1-0"]
[ECO "B99"]
[WhiteElo "1809"]
[BlackElo "1766"]
[Annotator "NA RC"]
[PlyCount "57"]
[EventDate "2021.03.27"]
[EventType "swiss"]
[EventCountry "FAI"]
[SourceTitle "playchess.com"]
[Source "ChessBase"]
[SourceQuality "1"]
[TimeControl "40/5400+30:900+30"]

1. e4 c5 2. Nf3 d6 3. d4 cxd4 4. Nxd4 Nf6 5. Nc3 a6 6. Bg5 e6 7. f4 Be7 8. Qf3 Qc7 9. O-O-O Nbd7 10. Bd3 b5 11. Rhe1 Bb7 12. Qg3 O-O-O 13. Bxb5 axb5 14. Ndxb5 Qc5 15. e5 dxe5 16. fxe5 Nd5 17. Bxe7 Qxe7 18. Nd6+ Kb8 19. Nxd5 exd5 20. e6 Nb6 21. Nxf7+ Ka8 22. Rd3 Nc4 23. a3 Rhf8 24. Nxd8 Rxd8 25. Rf3 Nd6 26. Qe5 Ne4 27. Rf7 Qh4 28. g3 Qxh2 29. Rxe4 1-0

[Event "FAI-ch Open 2021"]
[Site "Klaksvik"]
[Date "2021.03.29"]
[Round "3.3"]
[White "Hojgaard, Brandur"]
[Black "Tummasarson, Flovin M."]
[Result "0-1"]
[ECO "D02"]
[WhiteElo "1720"]
[BlackElo "1743"]
[Annotator "NA RC"]
[PlyCount "106"]
[EventDate "2021.03.27"]
[EventType "swiss"]
[EventCountry "FAI"]
[SourceTitle "playchess.com"]
[Source "ChessBase"]
[SourceQuality "1"]
[TimeControl "40/5400+30:900+30"]

1. d4 d5 2. Nf3 Nf6 3. Bf4 c5 4. e3 e6 5. Nbd2 Nc6 6. c3 Bd6 7. Bg3 O-O 8. Bd3 b6 9. Ne5 Bb7 10. Qe2 Qc7 11. f4 Ne7 12. Bh4 Ne4 13. O-O Nf5 14. Be1 Be7 15. Rf3 Nfd6 16. Rh3 f5 17. Bxe4 dxe4 18. Qh5 h6 19. Rg3 Rf6 20. Rh3 Rff8 21. Rg3 Rf6 22. Rh3 Bc6 23. Nxc6 Qxc6 24. Bh4 Rf7 25. Bxe7 Rxe7 26. dxc5 Qxc5 27. Qe2 e5 28. fxe5 Qxe5 29. Nc4 Qb5 30. b3 Rc8 31. g4 Nxc4 32. bxc4 Qxc4 33. Qxc4+ Rxc4 34. gxf5 Rf7 35. Rd1 Rxc3 36. Rd4 Re7 37. Kf2 Rc2+ 38. Kg3 Rxa2 39. Kf4 Rf2+ 40. Kg4 a5 41. Rg3 Re5 42. f6 Rxf6 43. Rd8+ Kh7 44. Kh3 Rf3 45. Kg2 Rxg3+ 46. Kxg3 a4 47. Kf4 Ra5 48. Kxe4 a3 49. Rd1 a2 50. Ra1 g5 51. Kd4 Kg7 52. e4 Kf7 53. e5 Ke6 0-1

[Event "FAI-ch Open 2021"]
[Site "Klaksvik"]
[Date "2021.03.29"]
[Round "3.4"]
[White "Bertholdsen, Bjarki"]
[Black "Gregersen, Hedin"]
[Result "0-1"]
[ECO "B06"]
[WhiteElo "1353"]
[BlackElo "1842"]
[Annotator "NA RC"]
[PlyCount "40"]
[EventDate "2021.03.27"]
[EventType "swiss"]
[EventCountry "FAI"]
[SourceTitle "playchess.com"]
[Source "ChessBase"]
[SourceQuality "1"]
[TimeControl "40/5400+30:900+30"]

1. e4 g6 2. d4 Bg7 3. Be3 d6 4. Nc3 Nf6 5. f3 a6 6. Bc4 b5 7. Bb3 O-O 8. Qd2 Nc6 9. Bh6 Bxh6 10. Qxh6 Nxd4 11. O-O-O e5 12. h4 c6 13. Nh3 Bxh3 14. Rxh3 b4 15. Na4 Nxb3+ 16. axb3 Nh5 17. Qd2 Nf4 18. Rh2 Qa5 19. Qxd6 Rad8 20. Qxc6 Ne2+ 0-1

[Event "FAI-ch Open 2021"]
[Site "Klaksvik"]
[Date "2021.03.29"]
[Round "3.5"]
[White "Joensen, Jakup F."]
[Black "Olsen, Kaj"]
[Result "1/2-1/2"]
[ECO "C29"]
[WhiteElo "1690"]
[BlackElo "1677"]
[Annotator "NA RC"]
[PlyCount "54"]
[EventDate "2021.03.27"]
[EventType "swiss"]
[EventCountry "FAI"]
[SourceTitle "playchess.com"]
[Source "ChessBase"]
[SourceQuality "1"]
[TimeControl "40/5400+30:900+30"]

1. e4 e5 2. Nc3 Nf6 3. f4 d5 4. fxe5 Nxe4 5. d3 Nxc3 6. bxc3 Nc6 7. Nf3 Be7 8. d4 O-O 9. Be2 f6 10. exf6 Bxf6 11. O-O Be6 12. Be3 Qd7 13. Qd2 Ne7 14. Rab1 b6 15. Bb5 c6 16. Bd3 Bf5 17. Bg5 Ng6 18. Bxf5 Qxf5 19. Bxf6 Qxf6 20. Rbe1 Rae8 21. Ne5 Qd6 22. Nxg6 Qxg6 23. Rxf8+ Rxf8 24. Qe2 Qf6 25. Qe6+ Qf7 26. Qe2 Qf6 27. Qe6+ Qf7 1/2-1/2

[Event "FAI-ch Open 2021"]
[Site "Klaksvik"]
[Date "2021.03.29"]
[Round "3.6"]
[White "Funningstovu, Brandur I"]
[Black "Morkore, Rogvi"]
[Result "0-1"]
[ECO "D05"]
[WhiteElo "1311"]
[BlackElo "1685"]
[Annotator "NA RC"]
[PlyCount "78"]
[EventDate "2021.03.27"]
[EventType "swiss"]
[EventCountry "FAI"]
[SourceTitle "playchess.com"]
[Source "ChessBase"]
[SourceQuality "1"]
[TimeControl "40/5400+30:900+30"]

1. d4 Nf6 2. Nf3 d5 3. e3 e6 4. b3 Bd6 5. Bb2 O-O 6. Bd3 b6 7. Nbd2 Bb7 8. O-O Nbd7 9. c4 Qe7 10. a3 a5 11. h3 e5 12. dxe5 Nxe5 13. Be2 dxc4 14. Nxe5 Bxe5 15. Bxe5 Qxe5 16. Nxc4 Qe6 17. Bf3 Rad8 18. Qe2 Ba6 19. Qc2 Bxc4 20. bxc4 Nd7 21. Rfd1 Nc5 22. Rd4 Qf6 23. Rad1 Ne6 24. Rd5 Qe7 25. Bg4 Nc5 26. Qc3 Rxd5 27. cxd5 Rd8 28. Bf3 g6 29. Rd4 Qe5 30. Qc4 Rd6 31. Qc3 Kg7 32. Be2 Rxd5 33. f4 Qf6 34. g4 Rxd4 35. exd4 Ne6 36. g5 Qxd4+ 37. Qxd4+ Nxd4 38. Bd3 Ne6 39. f5 Nxg5 0-1

[Event "FAI-ch Open 2021"]
[Site "Klaksvik"]
[Date "2021.03.29"]
[Round "3.7"]
[White "Petersen, Elias"]
[Black "Joensen, Henrik W."]
[Result "0-1"]
[ECO "A20"]
[WhiteElo "1403"]
[BlackElo "1535"]
[Annotator "NA RC"]
[PlyCount "62"]
[EventDate "2021.03.27"]
[EventType "swiss"]
[EventCountry "FAI"]
[SourceTitle "playchess.com"]
[Source "ChessBase"]
[SourceQuality "1"]
[TimeControl "40/5400+30:900+30"]

1. c4 e5 2. g3 Nf6 3. Bg2 d5 4. cxd5 Nxd5 5. Nc3 Nxc3 6. bxc3 Bc5 7. Ba3 Qe7 8. Bxc5 Qxc5 9. e3 O-O 10. Ne2 Nc6 11. d4 exd4 12. exd4 Qa5 13. O-O Bg4 14. f3 Be6 15. Re1 Bc4 16. Qc2 Rfe8 17. Bf1 Re3 18. Kf2 Rae8 19. a3 Qh5 20. Kg1 Qxf3 21. Bg2 Qh5 22. Bf1 Bxe2 23. Qd2 Qf3 24. Bg2 Qg4 25. Bf1 Qe4 26. Bg2 Qd3 27. Qb2 Bf3 28. Rxe3 Qxe3+ 29. Kf1 Be2+ 30. Ke1 Bd3+ 31. Kd1 Qe1# 0-1

[Event "FAI-ch Open 2021"]
[Site "Klaksvik"]
[Date "2021.03.30"]
[Round "4.1"]
[White "Christiansen, Esbern"]
[Black "Skaale, Janus"]
[Result "0-1"]
[ECO "B24"]
[WhiteElo "1775"]
[BlackElo "1809"]
[Annotator "NA RC"]
[PlyCount "60"]
[EventDate "2021.03.27"]
[EventType "swiss"]
[EventCountry "FAI"]
[SourceTitle "playchess.com"]
[Source "ChessBase"]
[SourceQuality "1"]
[TimeControl "40/5400+30:900+30"]

1. e4 c5 2. Nc3 Nc6 3. Bb5 d6 4. Bxc6+ bxc6 5. f4 Nf6 6. Nf3 g6 7. O-O Bg7 8. d3 Bg4 9. Qe1 O-O 10. Qh4 Qd7 11. h3 Bxf3 12. Rxf3 e6 13. g4 Rab8 14. f5 exf5 15. Bh6 Bxh6 16. Qxh6 Qe7 17. gxf5 Nd7 18. Raf1 Qf6 19. Rg3 Qg7 ({Black should play} 19... Rxb2 $17 20. Qd2 Qh4) 20. Qe3 (20. Qxg7+ $11 Kxg7 21. b3) 20... Rxb2 21. Ne2 (21. Qd2 $17) 21... Rxc2 22. Qf3 (22. d4 {is a better defense.}) 22... Qh6 23. Nf4 Ne5 24. Qd1 Rxa2 25. Nh5 $19 Kh8 26. Nf6 (26. Nf4 $142) 26... Qd2 27. Qxd2 Rxd2 28. Rf4 Rxd3 29. Rh4 Rxg3+ 30. Kh2 h5 0-1

[Event "FAI-ch Open 2021"]
[Site "Klaksvik"]
[Date "2021.03.30"]
[Round "4.2"]
[White "Gregersen, Hedin"]
[Black "Tummasarson, Flovin M."]
[Result "1-0"]
[ECO "A05"]
[WhiteElo "1842"]
[BlackElo "1743"]
[Annotator "NA"]
[PlyCount "55"]
[EventDate "2021.03.27"]
[EventType "swiss"]
[EventCountry "FAI"]
[SourceTitle "playchess.com"]
[Source "ChessBase"]
[SourceQuality "1"]
[TimeControl "40/5400+30:900+30"]

1. Nf3 Nf6 2. g3 d5 3. Bg2 c5 4. O-O Nc6 5. c4 e6 6. cxd5 exd5 7. d4 b6 8. Nc3 Bb7 9. Bg5 Be7 10. Bxf6 Bxf6 11. dxc5 Bxc3 12. bxc3 bxc5 13. Rb1 Qd7 14. Rxb7 Qxb7 15. Qxd5 Qd7 16. Qe4+ Qe6 17. Ne5 Nd8 18. Qa4+ Ke7 19. Bxa8 Qxe5 20. Qxa7+ Kf6 21. Rd1 Qxc3 22. Rd3 Qc1+ 23. Kg2 g6 24. Qb8 Kg7 25. Rxd8 Rxd8 26. Qxd8 c4 27. Qd4+ Kf8 28. Bd5 1-0

[Event "FAI-ch Open 2021"]
[Site "Klaksvik"]
[Date "2021.03.30"]
[Round "4.3"]
[White "Gregersen, Einar"]
[Black "Joensen, Henrik W."]
[Result "0-1"]
[ECO "B32"]
[WhiteElo "1766"]
[BlackElo "1535"]
[Annotator "NA RC"]
[PlyCount "90"]
[EventDate "2021.03.27"]
[EventType "swiss"]
[EventCountry "FAI"]
[SourceTitle "playchess.com"]
[Source "ChessBase"]
[SourceQuality "1"]
[TimeControl "40/5400+30:900+30"]

1. e4 c5 2. Nf3 Nc6 3. d4 cxd4 4. Nxd4 e5 5. Nb5 d6 6. N1c3 a6 7. Na3 b5 8. Nd5 Nf6 9. c4 b4 10. Nxf6+ Qxf6 11. Nc2 a5 12. Ne3 Be6 13. Nd5 Qd8 14. Be3 Rb8 15. Bd3 Be7 16. O-O O-O 17. b3 Bg5 18. f4 exf4 19. Bxf4 Bxd5 20. exd5 Bxf4 21. Rxf4 Qg5 22. Rf3 Ne5 23. Rg3 Qf4 24. Kh1 g6 25. Qc2 Qd4 26. Rd1 Qf4 27. c5 dxc5 28. Qxc5 Rbc8 29. Qe3 Qxe3 30. Rxe3 Ng4 31. Re2 Rfe8 32. Kg1 Rxe2 33. Bxe2 Ne3 34. Rd3 Rc3 35. Rd2 Rc2 36. Rxc2 Nxc2 37. Kf2 Kf8 38. d6 Nd4 39. Ke3 Nxe2 40. Kxe2 Ke8 41. Ke3 Kd7 42. Kf4 f6 43. g4 Kxd6 44. g5 Ke6 45. gxf6 Kxf6 0-1